Workbook
Name \0: #REF!
Name \0: #REF!
Name \00: #REF!
Name \00: #REF!
Name \a: #REF!
Name \a: #REF!
Name \AA: #REF!
Name \AA: #REF!
Name \b: #REF!
Name \b: #REF!
Name \bb: #REF!
Name \bb: #REF!
Name \c: #REF!
Name \c: #REF!
Name \E: #REF!
Name \E: #REF!
Name \EE: #REF!
Name \EE: #REF!
Name \G: #REF!
Name \k: #REF!
Name \L: #REF!
Name \L: #REF!
Name \m: #REF!
Name \m: #REF!
Name \ñ: #REF!
Name \ñ: #REF!
Name \P: #REF!
Name \P: #REF!
Name \q: #REF!
Name \q: #REF!
Name \R: #REF!
Name \R: #REF!
Name \s: #REF!
Name \V: #REF!
Name \w: #N/A
Name \X: 'PUNTAJE OFERTA'!ERR
Name \X: [0]!ERR
Name \Z: 'PUNTAJE OFERTA'!ERR
Name \Z: [0]!ERR
Name _______________AFC1: #REF!
Name _______________AFC3: #REF!
Name _______________AFC5: #REF!
Name _______________BGC1: #REF!
Name _______________BGC3: #REF!
Name _______________BGC5: #REF!
Name _______________CAC1: #REF!
Name _______________CAC3: #REF!
Name _______________CAC5: #REF!
Name _______________oa55: #REF!
Name _______________oa55: #REF!
Name _______________SBC1: #REF!
Name _______________SBC3: #REF!
Name _______________SBC5: #REF!
Name ______________AFC1: #REF!
Name ______________AFC3: #REF!
Name ______________AFC5: #REF!
Name ______________BGC1: #REF!
Name ______________BGC3: #REF!
Name ______________BGC5: #REF!
Name ______________CAC1: #REF!

Sheet HAB.GEN.
B2: INSTITUTO NACIONAL DE VÍAS
B4: SA-MC-DT-BOL-004-2024
B5: MEJORAMIENTO Y MANTENIMIENTO DE VÍAS RURALES EN EL MUNICIPIO DE SAN JACINTO, DPTO DE BOLIVAR, EN LA RED TERCIARIA A CARGO DEL INVIAS CODIGOS 72111, 72119, 72120, 72109
B6: CUMPLIMIENTO GENERAL
B8: HABILIDAD POR PROPONENTE
B9: CUENTA | C9: PROPONENTE | D9: CAPACIDAD JURÍDICA | E9: CAPACIDAD FINANCIERA | F9: CAPACIDAD ORGANIZACIONAL | G9: CALIFICACIÓN RESIDUAL | H9: CALIFICACIÓN TECNICA | I9: CALIFICACION DEFINITIVA
G11: (Cumple / No Cumple) | H11: (Cumple / No Cumple) | I11: (Cumple / No Cumple)
B13: 1 | C13: CONSORCIO MEGACONSTRUCCIONES 2024 | D13: CUMPLE | E13: NO CUMPLE | F13: CUMPLE | G13: CUMPLE | H13: CUMPLE | I13: RECHAZADO | J13: =IF(OR(COUNTIF(D13:F13,"")=3,COUNTIF(D13:F13,"")>0),"",IF(COUNTIF(D13:F13,"RECHAZO")>0,"RECHAZO",IF(COUNTIF(D13:F13,"NO HÁBIL")>0,"NO HÁBIL","HÁBIL"))) -> HÁBIL
B14: 2 | C14: YAMEL ARANGO PINILLA | D14: CUMPLE | E14: NO CUMPLE | F14: NO CUMPLE | G14: NO CUMPLE | H14: RECHAZADO | I14: RECHAZADO | J14: =IF(OR(COUNTIF(D14:F14,"")=3,COUNTIF(D14:F14,"")>0),"",IF(COUNTIF(D14:F14,"RECHAZO")>0,"RECHAZO",IF(COUNTIF(D14:F14,"NO HÁBIL")>0,"NO HÁBIL","HÁBIL"))) -> HÁBIL
B15: 3 | C15: ARMANDO MARTÍNEZ SPADAFORA | D15: CUMPLE | E15: CUMPLE | F15: CUMPLE | G15: CUMPLE | H15: CUMPLE | I15: CUMPLE
B16: 4 | C16: CELASH SAS | D16: CUMPLE | E16: CUMPLE | F16: CUMPLE | G16: CUMPLE | H16: CUMPLE | I16: CUMPLE
B17: 5 | C17: GEPAV SAS | D17: CUMPLE | E17: CUMPLE | F17: CUMPLE | G17: CUMPLE | H17: CUMPLE | I17: CUMPLE
B18: 6 | C18: JUAN CARLOS BRICEÑO CHAVES | D18: NO CUMPLE | E18: CUMPLE | F18: CUMPLE | G18: CUMPLE | H18: RECHAZADO | I18: RECHAZADO
B19: 7 | C19: CONSORCIO INFRAESTRUCTURA 2024 | D19: CUMPLE | E19: CUMPLE | F19: CUMPLE | G19: CUMPLE | H19: CUMPLE | I19: CUMPLE
B20: 8 | C20: CONSORCIO PROGRESAR | D20: CUMPLE | E20: CUMPLE | F20: CUMPLE | G20: CUMPLE | H20: CUMPLE | I20: CUMPLE
B21: 9 | C21: CONSORCIO VÍAS E INGENIERÍA | D21: CUMPLE | E21: CUMPLE | F21: CUMPLE | G21: NO CUMPLE | H21: CUMPLE | I21: RECHAZADO
B22: *

Sheet EVAL. ECONOMICAS 
B6: Formulario 1 - Propuesta económica - Documento tipo de selección abreviada de menor cuantía - versión 2
B7: Código | C7: CCE-EICP-FM-25 | D7: Versión | E7: 2
B9: INSTITUTO NACIONAL DE VIAS
B10: DIRECCIÓN TERRITORIAL BOLIVAR
B11: SA-MC-DT-BOL-004-2024
B13: MEJORAMIENTO Y MANTENIMIENTO DE VÍAS RURALES EN EL MUNICIPIO DE SAN JACINTO, DPTO DE BOLIVAR, EN LA RED TERCIARIA A CARGO DEL INVIAS CODIGOS 72111, 72119, 72120, 72109
B14: FORMULARIO 1 - PRESUPUESTO OFICIAL
B17: MUNICIPIO | F17: VIA | H17: Long (Km) | I17: PR Inicial | K17: PR Final
B18: SAN JACINTO | F18: San Jacinto - Las Palmas | H18: 15 | I18: SANTA JACINTO | K18: LAS PALMAS | O18: PROPONENTE N0. 1 CONSORCIO MEGA CONSTRUCCIONES R.L JUAN PABLO MORALES | T18: PROPONENTE N0. 2 YAMEL ARANGO | Y18: PROPONENTE N0 3 ARMANDO SPADAFORA | AD18: PROPONENTE N0 4 CELASH | AI18: PROPONENTE N0 5 GEPAV SAS | AN18: PROPONENTE N0 6 JUAN CARLOS BRICEÑOS | AS18: PROPONENTE N0 7 CONSORCIO INFRAESTRUCTURA 2024 | AX18: PROPONENTE N0 8 CONSORCIO PROGRESAR | BC18: PROPONENTE N0 9 CONSORCIO VIAS E INGENIERIA
B19: SECCIÓN 1 - ITEMS DE OBRA - ACTIVIDADES MEJORAMIENTO DE OBRA
B20: No | C20: ITEM DE PAGO | D20: ESPECIFICACIONES | F20: DESCRIPCION | H20: UNID | I20: CANTIDAD | J20: VALOR UNITARIO | K20: VALOR TOTAL | O20: CANTIDAD | P20: VALOR UNITARIO | Q20: VALOR TOTAL | R20: OBSERVACIONES | T20: CANTIDAD | U20: VALOR UNITARIO | V20: VALOR TOTAL | W20: OBSERVACIONES | Y20: CANTIDAD | Z20: VALOR UNITARIO | AA20: VALOR TOTAL | AB20: OBSERVACIONES | AD20: CANTIDAD | AE20: VALOR UNITARIO | AF20: VALOR TOTAL | AG20: OBSERVACIONES | AI20: CANTIDAD | AJ20: VALOR UNITARIO | AK20: VALOR TOTAL | AL20: OBSERVACIONES | AN20: CANTIDAD | AO20: VALOR UNITARIO | AP20: VALOR TOTAL | AQ20: OBSERVACIONES | AS20: CANTIDAD | AT20: VALOR UNITARIO | AU20: VALOR TOTAL | AV20: OBSERVACIONES | AX20: CANTIDAD | AY20: VALOR UNITARIO | AZ20: VALOR TOTAL | BA20: OBSERVACIONES | BC20: CANTIDAD | BD20: VALOR UNITARIO | BE20: VALOR TOTAL | BF20: OBSERVACIONES
D21: GENERAL | E21: PARTICULAR
B23: I. EXPLANACIONES
B24: 1 | C24: 200.2 | D24: 200-13 | F24: Desmonte y limpieza en zonas no boscosas | H24: Ha | I24: 0.843 | J24: 419626 | K24: =+ROUND((I24*J24),0) -> 353745 | O24: 0.843 | P24: 392808 | Q24: =(+ROUND((O24*P24),0)) -> 331137 | T24: 0.84 | U24: 383119 | V24: =(+ROUND((T24*U24),0)) -> 321820 | W24: NO CUMPLE | Y24: 0.843 | Z24: 419626 | AA24: =(+ROUND((Y24*Z24),0)) -> 353745 | AD24: 0.843 | AE24: 386056 | AF24: =(+ROUND((AD24*AE24),0)) -> 325445 | AI24: 0.843 | AJ24: 403393 | AK24: =(+ROUND((AI24*AJ24),0)) -> 340060 | AN24: 0.84 | AO24: 418000 | AP24: =(+ROUND((AN24*AO24),0)) -> 351120 | AQ24: NO CUMPLE | AS24: 0.843 | AT24: 395497 | AU24: =(+ROUND((AS24*AT24),0)) -> 333404 | AX24: 0.843 | AY24: 419626 | AZ24: =(+ROUND((AX24*AY24),0)) -> 353745 | BC24: 0.843 | BD24: 419626 | BE24: =(+ROUND((BC24*BD24),0)) -> 353745
B25: =+B24+1 -> 2 | C25: 600.2.3 | D25: 600-13 | F25: Excavaciones varias en material común en seco. | H25: m3 | I25: 230 | J25: 29617 | K25: =+ROUND((I25*J25),0) -> 6811910 | O25: 230 | P25: 27724 | Q25: =(+ROUND((O25*P25),0)) -> 6376520 | T25: 230 | U25: 27040 | V25: =(+ROUND((T25*U25),0)) -> 6219200 | Y25: 230 | Z25: 25000 | AA25: =(+ROUND((Y25*Z25),0)) -> 5750000 | AD25: 230 | AE25: 27248 | AF25: =(+ROUND((AD25*AE25),0)) -> 6267040 | AI25: 230 | AJ25: 28471 | AK25: =(+ROUND((AI25*AJ25),0)) -> 6548330 | AN25: 230 | AO25: 28500 | AP25: =(+ROUND((AN25*AO25),0)) -> 6555000 | AS25: 230 | AT25: 27914 | AU25: =(+ROUND((AS25*AT25),0)) -> 6420220 | AX25: 230 | AY25: 29617 | AZ25: =(+ROUND((AX25*AY25),0)) -> 6811910 | BC25: 230 | BD25: 29617 | BE25: =(+ROUND((BC25*BD25),0)) -> 6811910
B26: =+B25+1 -> 3 | C26: 210.2.2 | D26: 210-13 | F26: Excavación en material común de la explanación y canales | H26: m3 | I26: 280 | J26: 16149 | K26: =+ROUND((I26*J26),0) -> 4521720 | O26: 280 | P26: 15117 | Q26: =(+ROUND((O26*P26),0)) -> 4232760 | T26: 280 | U26: 14744 | V26: =(+ROUND((T26*U26),0)) -> 4128320 | Y26: 280 | Z26: 16149 | AA26: =(+ROUND((Y26*Z26),0)) -> 4521720 | AD26: 280 | AE26: 14857 | AF26: =(+ROUND((AD26*AE26),0)) -> 4159960 | AI26: 280 | AJ26: 15524 | AK26: =(+ROUND((AI26*AJ26),0)) -> 4346720 | AN26: 280 | AO26: 15500 | AP26: =(+ROUND((AN26*AO26),0)) -> 4340000 | AS26: 280 | AT26: 15220 | AU26: =(+ROUND((AS26*AT26),0)) -> 4261600 | AX26: 280 | AY26: 16149 | AZ26: =(+ROUND((AX26*AY26),0)) -> 4521720 | BC26: 280 | BD26: 16149 | BE26: =(+ROUND((BC26*BD26),0)) -> 4521720
B27: =+B26+1 -> 4 | C27: 220.1 | D27: 220-13 | F27: Terraplenes | H27: m3 | I27: 7.4 | J27: 50576 | K27: =+ROUND((I27*J27),0) -> 374262 | O27: 7.4 | P27: 47344 | Q27: =(+ROUND((O27*P27),0)) -> 350346 | T27: 10 | U27: 34087 | V27: =(+ROUND((T27*U27),0)) -> 340870 | W27: NO CUMPLE | Y27: 7.4 | Z27: 45700 | AA27: =(+ROUND((Y27*Z27),0)) -> 338180 | AD27: 7.4 | AE27: 46530 | AF27: =(+ROUND((AD27*AE27),0)) -> 344322 | AI27: 7.4 | AJ27: 48620 | AK27: =(+ROUND((AI27*AJ27),0)) -> 359788 | AN27: 10 | AO27: 37000 | AP27: =(+ROUND((AN27*AO27),0)) -> 370000 | AQ27: NO CUMPLE | AS27: 7.4 | AT27: 47668 | AU27: =(+ROUND((AS27*AT27),0)) -> 352743 | AX27: 7.4 | AY27: 50576 | AZ27: =(+ROUND((AX27*AY27),0)) -> 374262 | BC27: 7.4 | BD27: 50576 | BE27: =(+ROUND((BC27*BD27),0)) -> 374262
B28: =+B27+1 -> 5 | C28: 201.7 | D28: 201-13 | F28: Demolición de Estructuras | H28: m3 | I28: 15 | J28: 278457 | K28: =+ROUND((I28*J28),0) -> 4176855 | O28: 15 | P28: 260661 | Q28: =(+ROUND((O28*P28),0)) -> 3909915 | T28: 15 | U28: 254231 | V28: =(+ROUND((T28*U28),0)) -> 3813465 | Y28: 15 | Z28: 240000 | AA28: =(+ROUND((Y28*Z28),0)) -> 3600000 | AD28: 15 | AE28: 256180 | AF28: =(+ROUND((AD28*AE28),0)) -> 3842700 | AI28: 15 | AJ28: 267685 | AK28: =(+ROUND((AI28*AJ28),0)) -> 4015275 | AN28: 15 | AO28: 270000 | AP28: =(+ROUND((AN28*AO28),0)) -> 4050000 | AS28: 15 | AT28: 262446 | AU28: =(+ROUND((AS28*AT28),0)) -> 3936690 | AX28: 15 | AY28: 278457 | AZ28: =(+ROUND((AX28*AY28),0)) -> 4176855 | BC28: 15 | BD28: 278457 | BE28: =(+ROUND((BC28*BD28),0)) -> 4176855
B29: Subtotal | K29: =SUM(K24:L28) -> 16238492 | Q29: =SUM(Q24:Q28) -> 15200678 | V29: =SUM(V24:V28) -> 14823675 | AA29: =SUM(AA24:AA28) -> 14563645 | AF29: =SUM(AF24:AF28) -> 14939467 | AK29: =SUM(AK24:AK28) -> 15610173 | AP29: =SUM(AP24:AP28) -> 15666120 | AU29: =SUM(AU24:AU28) -> 15304657 | AZ29: =SUM(AZ24:AZ28) -> 16238492 | BE29: =SUM(BE24:BE28) -> 16238492
B30: II. ESTRUCTURAS DE DRENAJE BOX CULVERT L=6m
B31: CONSTRUCCIÓN DE | D31: 1 | E31: BOX CULVERT 3X3 DOBLE
B32: =+B28+1 -> 6 | C32: 600.2.3 | D32: 600-13 | F32: Excavaciones varias en material común en seco. | H32: m3 | I32: 84 | J32: 29617 | K32: =+ROUND((I32*J32),0) -> 2487828 | O32: 84 | P32: 27820 | Q32: =(+ROUND((O32*P32),0)) -> 2336880 | T32: 84 | U32: 27040 | V32: =(+ROUND((T32*U32),0)) -> 2271360 | Y32: 84 | Z32: 25000 | AA32: =(+ROUND((Y32*Z32),0)) -> 2100000 | AD32: 84 | AE32: 27248 | AF32: =(+ROUND((AD32*AE32),0)) -> 2288832 | AI32: 84 | AJ32: 28471 | AK32: =(+ROUND((AI32*AJ32),0)) -> 2391564 | AN32: 84 | AO32: 28500 | AP32: =(+ROUND((AN32*AO32),0)) -> 2394000 | AS32: 84 | AT32: 27914 | AU32: =(+ROUND((AS32*AT32),0)) -> 2344776 | AX32: 84 | AY32: 29617 | AZ32: =(+ROUND((AX32*AY32),0)) -> 2487828 | BC32: 84 | BD32: 29617 | BE32: =(+ROUND((BC32*BD32),0)) -> 2487828
B33: =+B32+1 -> 7 | C33: 630.6 | D33: 630-13 | F33: Concreto clase F (140 kg/cm2 ó 2000 PSI) | H33: m3 | I33: 4.4 | J33: 736048 | K33: =+ROUND((I33*J33),0) -> 3238611 | O33: 4.4 | P33: 691396 | Q33: =(+ROUND((O33*P33),0)) -> 3042142 | T33: 4.4 | U33: 672012 | V33: =(+ROUND((T33*U33),0)) -> 2956853 | Y33: 4.4 | Z33: 699272 | AA33: =(+ROUND((Y33*Z33),0)) -> 3076797 | AD33: 4.4 | AE33: 677164 | AF33: =(+ROUND((AD33*AE33),0)) -> 2979522 | AI33: 4.4 | AJ33: 707575 | AK33: =(+ROUND((AI33*AJ33),0)) -> 3113330 | AN33: 4.4 | AO33: 720000 | AP33: =(+ROUND((AN33*AO33),0)) -> 3168000 | AS33: 4.4 | AT33: 693725 | AU33: =(+ROUND((AS33*AT33),0)) -> 3052390 | AX33: 4.4 | AY33: 736048 | AZ33: =(+ROUND((AX33*AY33),0)) -> 3238611 | BC33: 4.4 | BD33: 708449 | BE33: =(+ROUND((BC33*BD33),0)) -> 3117176
B34: =+B33+1 -> 8 | C34: 630.1.3.1 | F34: Concreto 4000 PSI | H34: m3 | I34: 62.7 | J34: 984252 | K34: =+ROUND((I34*J34),0) -> 61712600 | O34: 62.7 | P34: 924542 | Q34: =(+ROUND((O34*P34),0)) -> 57968783 | T34: 62.7 | U34: 898622 | V34: =(+ROUND((T34*U34),0)) -> 56343599 | Y34: 62.7 | Z34: 963399 | AA34: =(+ROUND((Y34*Z34),0)) -> 60405117 | AD34: 62.7 | AE34: 905512 | AF34: =(+ROUND((AD34*AE34),0)) -> 56775602 | AI34: 62.7 | AJ34: 946177 | AK34: =(+ROUND((AI34*AJ34),0)) -> 59325298 | AN34: 62.7 | AO34: 900000 | AP34: =(+ROUND((AN34*AO34),0)) -> 56430000 | AS34: 62.7 | AT34: 927659 | AU34: =(+ROUND((AS34*AT34),0)) -> 58164219 | AX34: 62.7 | AY34: 920000 | AZ34: =(+ROUND((AX34*AY34),0)) -> 57684000 | BC34: 62.7 | BD34: 943042 | BE34: =(+ROUND((BC34*BD34),0)) -> 59128733
B35: =+B34+1 -> 9 | C35: 640.1 | D35: 640-13 | F35: Acero de refuerzo de FY = 4.200 Kg/cm 2 (60.000 PSI). | H35: Kg | I35: 7115 | J35: 8355 | K35: =+ROUND((I35*J35),0) -> 59445825 | O35: 7115 | P35: 7848 | Q35: =(+ROUND((O35*P35),0)) -> 55838520 | T35: 7115 | U35: 7628 | V35: =(+ROUND((T35*U35),0)) -> 54273220 | Y35: 7115 | Z35: 8355 | AA35: =(+ROUND((Y35*Z35),0)) -> 59445825 | AD35: 7115 | AE35: 7687 | AF35: =(+ROUND((AD35*AE35),0)) -> 54693005 | AI35: 7115 | AJ35: 8032 | AK35: =(+ROUND((AI35*AJ35),0)) -> 57147680 | AN35: 7115 | AO35: 7800 | AP35: =(+ROUND((AN35*AO35),0)) -> 55497000 | AS35: 7115 | AT35: 7874 | AU35: =(+ROUND((AS35*AT35),0)) -> 56023510 | AX35: 7115 | AY35: 8355 | AZ35: =(+ROUND((AX35*AY35),0)) -> 59445825 | BC35: 7115 | BD35: 8355 | BE35: =(+ROUND((BC35*BD35),0)) -> 59445825
B36: =+B35+1 -> 10 | C36: 610.1 | D36: 610-13 | F36: Relleno para Estructuras con suelo | H36: m3 | I36: 40 | J36: 21084 | K36: =+ROUND((I36*J36),0) -> 843360 | O36: 40 | P36: 19805 | Q36: =(+ROUND((O36*P36),0)) -> 792200 | T36: 40 | U36: 19250 | V36: =(+ROUND((T36*U36),0)) -> 770000 | Y36: 40 | Z36: 21084 | AA36: =(+ROUND((Y36*Z36),0)) -> 843360 | AD36: 40 | AE36: 19397 | AF36: =(+ROUND((AD36*AE36),0)) -> 775880 | AI36: 40 | AJ36: 20268 | AK36: =(+ROUND((AI36*AJ36),0)) -> 810720 | AN36: 40 | AO36: 21000 | AP36: =(+ROUND((AN36*AO36),0)) -> 840000 | AS36: 40 | AT36: 19872 | AU36: =(+ROUND((AS36*AT36),0)) -> 794880 | AX36: 40 | AY36: 21084 | AZ36: =(+ROUND((AX36*AY36),0)) -> 843360 | BC36: 40 | BD36: 21084 | BE36: =(+ROUND((BC36*BD36),0)) -> 843360
B37: Subtotal | K37: =SUM(K32:L36) -> 127728224 | Q37: =SUM(Q32:Q36) -> 119978525 | V37: =SUM(V32:V36) -> 116615032 | AA37: =SUM(AA32:AA36) -> 125871099 | AF37: =SUM(AF32:AF36) -> 117512841 | AK37: =SUM(AK32:AK36) -> 122788592 | AP37: =SUM(AP32:AP36) -> 118329000 | AU37: =SUM(AU32:AU36) -> 120379775 | AZ37: =SUM(AZ32:AZ36) -> 123699624 | BE37: =SUM(BE32:BE36) -> 125022922
B38: III. PAVIMENTO CONCRETO RIGIDO 3.0X2.5
B39: CONSTRUCCIÓN | D39: 562 | E39: METROS DEPAVIMENTO EN CONCRETO ANCHO CALZADA 5m, CUNETAS 0.70m C/U
B40: =+B36+1 -> 11 | C40: 310.1 | D40: 310 | F40: Conformación de la calzada existente | H40: m2 | I40: 3300 | J40: 1985 | K40: =+ROUND((I40*J40),0) -> 6550500 | O40: 3300 | P40: 1871 | Q40: =(+ROUND((O40*P40),0)) -> 6174300 | T40: 3300 | U40: 1812 | V40: =(+ROUND((T40*U40),0)) -> 5979600 | Y40: 3300 | Z40: 1970 | AA40: =(+ROUND((Y40*Z40),0)) -> 6501000 | AD40: 3300 | AE40: 1826 | AF40: =(+ROUND((AD40*AE40),0)) -> 6025800 | AI40: 3300 | AJ40: 1908 | AK40: =(+ROUND((AI40*AJ40),0)) -> 6296400 | AN40: 3300 | AO40: 1980 | AP40: =(+ROUND((AN40*AO40),0)) -> 6534000 | AS40: 3300 | AT40: 1872 | AU40: =(+ROUND((AS40*AT40),0)) -> 6177600 | AX40: 3300 | AY40: 1985 | AZ40: =(+ROUND((AX40*AY40),0)) -> 6550500 | BC40: 3300 | BD40: 1985 | BE40: =(+ROUND((BC40*BD40),0)) -> 6550500
B41: =+B40+1 -> 12 | C41: 320.3 | D41: 320 | F41: Subbase Granular Clase C. | H41: m3 | I41: 905 | J41: 175243 | K41: =+ROUND((I41*J41),0) -> 158594915 | O41: 905 | P41: 165163 | Q41: =(+ROUND((O41*P41),0)) -> 149472515 | T41: 905 | U41: 159997 | V41: =(+ROUND((T41*U41),0)) -> 144797285 | Y41: 905 | Z41: 150000 | AA41: =(+ROUND((Y41*Z41),0)) -> 135750000 | AD41: 905 | AE41: 161224 | AF41: =(+ROUND((AD41*AE41),0)) -> 145907720 | AI41: 905 | AJ41: 168464 | AK41: =(+ROUND((AI41*AJ41),0)) -> 152459920 | AN41: 905 | AO41: 155000 | AP41: =(+ROUND((AN41*AO41),0)) -> 140275000 | AS41: 905 | AT41: 165167 | AU41: =(+ROUND((AS41*AT41),0)) -> 149476135 | AX41: 905 | AY41: 175243 | AZ41: =(+ROUND((AX41*AY41),0)) -> 158594915 | BC41: 905 | BD41: 175243 | BE41: =(+ROUND((BC41*BD41),0)) -> 158594915
B42: =+B41+1 -> 13 | C42: 500.1 | D42: 500 | F42: Concreto pavimento rigido MR 4.0 | H42: m3 | I42: 552 | J42: 1010929 | K42: =+ROUND((I42*J42),0) -> 558032808 | O42: 552 | P42: 952781 | Q42: =(+ROUND((O42*P42),0)) -> 525935112 | T42: 552 | U42: 922978 | V42: =(+ROUND((T42*U42),0)) -> 509483856 | Y42: 552 | Z42: 954513 | AA42: =(+ROUND((Y42*Z42),0)) -> 526891176 | AD42: 552 | AE42: 930055 | AF42: =(+ROUND((AD42*AE42),0)) -> 513390360 | AI42: 552 | AJ42: 971822 | AK42: =(+ROUND((AI42*AJ42),0)) -> 536445744 | AN42: 552 | AO42: 920000 | AP42: =(+ROUND((AN42*AO42),0)) -> 507840000 | AS42: 552 | AT42: 952810 | AU42: =(+ROUND((AS42*AT42),0)) -> 525951120 | AX42: 552 | AY42: 925000 | AZ42: =(+ROUND((AX42*AY42),0)) -> 510600000 | BC42: 552 | BD42: 940991 | BE42: =(+ROUND((BC42*BD42),0)) -> 519427032
B43: =+B42+1 -> 14 | C43: 630.4 | D43: 630 | F43: Concreto clase D (210 kg/cm2 ó 3000 PSI) - CUNETAS | H43: m3 | I43: 150.3 | J43: 964272 | K43: =+ROUND((I43*J43),0) -> 144930082 | O43: 150.3 | P43: 908808 | Q43: =(+ROUND((O43*P43),0)) -> 136593842 | T43: 150.3 | U43: 880380 | V43: =(+ROUND((T43*U43),0)) -> 132321114 | Y43: 150.3 | Z43: 869525 | AA43: =(+ROUND((Y43*Z43),0)) -> 130689608 | AD43: 150.3 | AE43: 887130 | AF43: =(+ROUND((AD43*AE43),0)) -> 133335639 | AI43: 150.3 | AJ43: 926970 | AK43: =(+ROUND((AI43*AJ43),0)) -> 139323591 | AN43: 150.3 | AO43: 890000 | AP43: =(+ROUND((AN43*AO43),0)) -> 133767000 | AS43: 150.3 | AT43: 909332 | AU43: =(+ROUND((AS43*AT43),0)) -> 136672600 | AX43: 150.3 | AY43: 900000 | AZ43: =(+ROUND((AX43*AY43),0)) -> 135270000 | BC43: 150.3 | BD43: 930641 | BE43: =(+ROUND((BC43*BD43),0)) -> 139875342
B44: =+B43+1 -> 15 | C44: 640.1 | D44: 640 | F44: Acero de Refuerzo Fy 420 Mpa | H44: Kg | I44: 8766 | J44: 8355 | K44: =+ROUND((I44*J44),0) -> 73239930 | O44: 8766 | P44: 7874 | Q44: =(+ROUND((O44*P44),0)) -> 69023484 | T44: 8766 | U44: 7628 | V44: =(+ROUND((T44*U44),0)) -> 66867048 | Y44: 8766 | Z44: 8355 | AA44: =(+ROUND((Y44*Z44),0)) -> 73239930 | AD44: 8766 | AE44: 7697 | AF44: =(+ROUND((AD44*AE44),0)) -> 67471902 | AI44: 8766 | AJ44: 8032 | AK44: =(+ROUND((AI44*AJ44),0)) -> 70408512 | AN44: 8766 | AO44: 7800 | AP44: =(+ROUND((AN44*AO44),0)) -> 68374800 | AS44: 8766 | AT44: 7874 | AU44: =(+ROUND((AS44*AT44),0)) -> 69023484 | AX44: 8766 | AY44: 8355 | AZ44: =(+ROUND((AX44*AY44),0)) -> 73239930 | BC44: 8766 | BD44: 8355 | BE44: =(+ROUND((BC44*BD44),0)) -> 73239930
B45: =+B44+1 -> 16 | C45: 700.1 | D45: 700 | F45: Linea de demarcación vial | H45: ml | I45: 2248 | J45: 2724 | K45: =+ROUND((I45*J45),0) -> 6123552 | O45: 2248 | P45: 2567 | Q45: =(+ROUND((O45*P45),0)) -> 5770616 | T45: 2248 | U45: 2487 | V45: =(+ROUND((T45*U45),0)) -> 5590776 | Y45: 2248 | Z45: 2724 | AA45: =(+ROUND((Y45*Z45),0)) -> 6123552 | AD45: 2248 | AE45: 2506 | AF45: =(+ROUND((AD45*AE45),0)) -> 5633488 | AI45: 2248 | AJ45: 2619 | AK45: =(+ROUND((AI45*AJ45),0)) -> 5887512 | AN45: 2248 | AO45: 2600 | AP45: =(+ROUND((AN45*AO45),0)) -> 5844800 | AS45: 2248 | AT45: 2567 | AU45: =(+ROUND((AS45*AT45),0)) -> 5770616 | AX45: 2248 | AY45: 2724 | AZ45: =(+ROUND((AX45*AY45),0)) -> 6123552 | BC45: 2248 | BD45: 2724 | BE45: =(+ROUND((BC45*BD45),0)) -> 6123552
B46: =+B45+1 -> 17 | C46: 700 P | F46: Suministro e instalación de estoperoles | H46: Und | I46: 562 | J46: 9909 | K46: =+ROUND((I46*J46),0) -> 5568858 | O46: 562 | P46: 9339 | Q46: =(+ROUND((O46*P46),0)) -> 5248518 | T46: 562 | U46: 9047 | V46: =(+ROUND((T46*U46),0)) -> 5084414 | Y46: 562 | Z46: 9909 | AA46: =(+ROUND((Y46*Z46),0)) -> 5568858 | AD46: 562 | AE46: 9116 | AF46: =(+ROUND((AD46*AE46),0)) -> 5123192 | AI46: 562 | AJ46: 9526 | AK46: =(+ROUND((AI46*AJ46),0)) -> 5353612 | AN46: 562 | AO46: 9700 | AP46: =(+ROUND((AN46*AO46),0)) -> 5451400 | AS46: 562 | AT46: 9338 | AU46: =(+ROUND((AS46*AT46),0)) -> 5247956 | AX46: 562 | AY46: 9909 | AZ46: =(+ROUND((AX46*AY46),0)) -> 5568858 | BC46: 562 | BD46: 9909 | BE46: =(+ROUND((BC46*BD46),0)) -> 5568858
B47: =+B46+1 -> 18 | C47: 710.2 | D47: 710 | F47: Señal Vertical de Transito tipo 1 con lamina retrorreflectiva (90 x 90 ) cm | H47: Und | I47: 5 | J47: 792976 | K47: =+ROUND((I47*J47),0) -> 3964880 | O47: 5 | P47: 747365 | Q47: =(+ROUND((O47*P47),0)) -> 3736825 | T47: 5 | U47: 723987 | V47: =(+ROUND((T47*U47),0)) -> 3619935 | Y47: 5 | Z47: 792976 | AA47: =(+ROUND((Y47*Z47),0)) -> 3964880 | AD47: 5 | AE47: 729538 | AF47: =(+ROUND((AD47*AE47),0)) -> 3647690 | AI47: 5 | AJ47: 762301 | AK47: =(+ROUND((AI47*AJ47),0)) -> 3811505 | AN47: 5 | AO47: 740000 | AP47: =(+ROUND((AN47*AO47),0)) -> 3700000 | AS47: 5 | AT47: 747380 | AU47: =(+ROUND((AS47*AT47),0)) -> 3736900 | AX47: 5 | AY47: 792976 | AZ47: =(+ROUND((AX47*AY47),0)) -> 3964880 | BC47: 5 | BD47: 792976 | BE47: =(+ROUND((BC47*BD47),0)) -> 3964880
B48: =+B47+1 -> 19 | C48: 710.1 | D48: 710 | F48: Señal Vertical de Transito tipo 1 con lamina retrorreflectiva (75 x 75 ) cm | H48: Und | I48: 5 | J48: 667844 | K48: =+ROUND((I48*J48),0) -> 3339220 | O48: 5 | P48: 629430 | Q48: =(+ROUND((O48*P48),0)) -> 3147150 | T48: 5 | U48: 609742 | V48: =(+ROUND((T48*U48),0)) -> 3048710 | Y48: 5 | Z48: 667844 | AA48: =(+ROUND((Y48*Z48),0)) -> 3339220 | AD48: 5 | AE48: 614416 | AF48: =(+ROUND((AD48*AE48),0)) -> 3072080 | AI48: 5 | AJ48: 642009 | AK48: =(+ROUND((AI48*AJ48),0)) -> 3210045 | AN48: 5 | AO48: 630000 | AP48: =(+ROUND((AN48*AO48),0)) -> 3150000 | AS48: 5 | AT48: 629407 | AU48: =(+ROUND((AS48*AT48),0)) -> 3147035 | AX48: 5 | AY48: 667844 | AZ48: =(+ROUND((AX48*AY48),0)) -> 3339220 | BC48: 5 | BD48: 667844 | BE48: =(+ROUND((BC48*BD48),0)) -> 3339220
K49: =SUM(K40:L48) -> 960344745 | Q49: =SUM(Q40:Q48) -> 905102362 | V49: =SUM(V40:V48) -> 876792738 | AA49: =SUM(AA40:AA48) -> 892068224 | AF49: =SUM(AF40:AF48) -> 883607871 | AK49: =SUM(AK40:AK48) -> 923196841 | AP49: =SUM(AP40:AP48) -> 874937000 | AU49: =SUM(AU40:AU48) -> 905203446 | AZ49: =SUM(AZ40:AZ48) -> 903251855 | BE49: =SUM(BE40:BE48) -> 916684229
B50: IV. CARACTERIZACIÓN VIAL
B51: 20 | F51: Caracaterización del corredor | H51: Km | I51: 7 | J51: 1000000 | K51: =+ROUND((I51*J51),0) -> 7000000 | O51: 7 | P51: 934715 | Q51: =(+ROUND((O51*P51),0)) -> 6543005 | T51: 7 | U51: 913000 | V51: =(+ROUND((T51*U51),0)) -> 6391000 | Y51: 7 | Z51: 1000000 | AA51: =(+ROUND((Y51*Z51),0)) -> 7000000 | AD51: 7 | AE51: 920000 | AF51: =(+ROUND((AD51*AE51),0)) -> 6440000 | AI51: 7 | AJ51: 961316 | AK51: =(+ROUND((AI51*AJ51),0)) -> 6729212 | AN51: 7 | AO51: 1000000 | AP51: =(+ROUND((AN51*AO51),0)) -> 7000000 | AS51: 7 | AT51: 942500 | AU51: =(+ROUND((AS51*AT51),0)) -> 6597500 | AX51: 7 | AY51: 1000000 | AZ51: =(+ROUND((AX51*AY51),0)) -> 7000000 | BC51: 7 | BD51: 1000000 | BE51: =(+ROUND((BC51*BD51),0)) -> 7000000
B53: SUB-TOTAL BÁSICO DE OBRA | K53: =+K51+K49+K37+K29 -> 1111311461 | Q53: =Q51+Q49+Q37+Q29 -> 1046824570 | V53: =V51+V49+V37+V29 -> 1014622445 | AA53: =AA51+AA49+AA37+AA29 -> 1039502968 | AF53: =AF51+AF49+AF37+AF29 -> 1022500179 | AK53: =AK51+AK49+AK37+AK29 -> 1068324818 | AP53: =AP51+AP49+AP37+AP29 -> 1015932120 | AU53: =AU51+AU49+AU37+AU29 -> 1047485378 | AZ53: =AZ51+AZ49+AZ37+AZ29 -> 1050189971 | BE53: =BE51+BE49+BE37+BE29 -> 1064945643
B54: OBRAS DE COMPENSACIÓN AMBIENTAL Y/O COMPLEMENTARIAS (PAGA) | K54: 6841220 | Q54: 6841220 | V54: 6842139 | AA54: 6841220 | AF54: 6841220 | AK54: 6841220 | AP54: 6842139 | AU54: 6841220 | AZ54: 6841220 | BE54: 6841220
B55: REVISIÓN Y/O AJUSTES A ESTUDIOS Y DISEÑOS (Placa Huella, Pavimento y Estructuras de Drenaje) | K55: 41060000 | Q55: 41060 | V55: 41060 | AA55: 41060 | AF55: 41060 | AK55: 41060 | AP55: 41060 | AU55: 41060 | AZ55: 41060 | BE55: 41060
B56: IVA - REVISIÓN, AJUSTE Y/O ACTUALIZACIÓN Y/O MODIFICACIÓN Y/O COMPLEMENTACIÓN DE ESTUDIOS Y DISEÑOS | K56: 7801400 | Q56: 7801400 | V56: 7801400 | AA56: 7801400 | AF56: 7801400 | AK56: 7801400 | AP56: 7801400 | AU56: 7801400 | AZ56: 7801400 | BE56: 7801400
B57: TOTAL ESTUDIOS Y DISEÑOS, REVISIÓN, AJUSTE Y/O ACTUALIZACIÓN Y/O MODIFICACIÓN Y/O COMPLEMENTACIÓN DE ESTUDIOS Y DISEÑOS | K57: =K55+K56 -> 48861400 | Q57: 48861400 | V57: 48861400 | AA57: 48861400 | AF57: 48861400 | AK57: 48861400 | AP57: 48861400 | AU57: 48861400 | AZ57: 48861400 | BE57: 48861400
B58: VALOR ACTIVIDADES MEJORAMIENTO | K58: =K53+K54+K57 -> 1167014081 | Q58: =Q53+Q54+Q57 -> 1102527190 | V58: =V53+V54+V57 -> 1070325984 | AA58: =AA53+AA54+AA57 -> 1095205588 | AF58: =AF53+AF54+AF57 -> 1078202799 | AK58: =AK53+AK54+AK57 -> 1124027438 | AP58: =AP53+AP54+AP57 -> 1071635659 | AU58: =AU53+AU54+AU57 -> 1103187998 | AZ58: =AZ53+AZ54+AZ57 -> 1105892591 | BE58: =BE53+BE54+BE57 -> 1120648263
B60: SECCIÓN 2 - ITEMS DE OBRA - ACTIVIDADES DE MANTENIMIENTO PERIODICO
B61: V. EXPLANACIONES
B62: MANTENIMIENTO | D62: 112 | E62: METROS DE VÍA EN SITIOS CRITICOS
B63: =+B51+1 -> 21 | C63: 310.1 | D63: 310 | F63: Conformación de la calzada existente | H63: m2 | I63: 560 | J63: 1985 | K63: =+ROUND((I63*J63),0) -> 1111600 | O63: 560 | P63: 1862 | Q63: =(+ROUND((O63*P63),0)) -> 1042720 | T63: 560 | U63: 1812 | V63: =(+ROUND((T63*U63),0)) -> 1014720 | Y63: 560 | Z63: 1985 | AA63: =(+ROUND((Y63*Z63),0)) -> 1111600 | AD63: 560 | AE63: 1826 | AF63: =(+ROUND((AD63*AE63),0)) -> 1022560 | AI63: 560 | AJ63: 1908 | AK63: =(+ROUND((AI63*AJ63),0)) -> 1068480 | AN63: 560 | AO63: 1985 | AP63: =(+ROUND((AN63*AO63),0)) -> 1111600 | AS63: 560 | AT63: 1872 | AU63: =(+ROUND((AS63*AT63),0)) -> 1048320 | AX63: 560 | AY63: 1985 | AZ63: =(+ROUND((AX63*AY63),0)) -> 1111600 | BC63: 560 | BD63: 1985 | BE63: =(+ROUND((BC63*BD63),0)) -> 1111600
B64: =+B63+1 -> 22 | C64: 210.2.2 | D64: 210 | F64: Excavación en material común de la explanación y canales | H64: m3 | I64: 550 | J64: 16149 | K64: =+ROUND((I64*J64),0) -> 8881950 | O64: 550 | P64: 15149 | Q64: =(+ROUND((O64*P64),0)) -> 8331950 | T64: 550 | U64: 14744 | V64: =(+ROUND((T64*U64),0)) -> 8109200 | Y64: 550 | Z64: 16149 | AA64: =(+ROUND((Y64*Z64),0)) -> 8881950 | AD64: 550 | AE64: 14857 | AF64: =(+ROUND((AD64*AE64),0)) -> 8171350 | AI64: 550 | AJ64: 15524 | AK64: =(+ROUND((AI64*AJ64),0)) -> 8538200 | AN64: 550 | AO64: 16149 | AP64: =(+ROUND((AN64*AO64),0)) -> 8881950 | AS64: 550 | AT64: 15220 | AU64: =(+ROUND((AS64*AT64),0)) -> 8371000 | AX64: 550 | AY64: 16149 | AZ64: =(+ROUND((AX64*AY64),0)) -> 8881950 | BC64: 550 | BD64: 16149 | BE64: =(+ROUND((BC64*BD64),0)) -> 8881950
B65: =+B64+1 -> 23 | C65: 311.1 | D65: 310 | F65: Afirmado | H65: m3 | I65: 84 | J65: 149497 | K65: =+ROUND((I65*J65),0) -> 12557748 | O65: 84 | P65: 140237 | Q65: =(+ROUND((O65*P65),0)) -> 11779908 | T65: 84 | U65: 136491 | V65: =(+ROUND((T65*U65),0)) -> 11465244 | Y65: 84 | Z65: 135000 | AA65: =(+ROUND((Y65*Z65),0)) -> 11340000 | AD65: 84 | AE65: 137537 | AF65: =(+ROUND((AD65*AE65),0)) -> 11553108 | AI65: 84 | AJ65: 143714 | AK65: =(+ROUND((AI65*AJ65),0)) -> 12071976 | AN65: 84 | AO65: 149497 | AP65: =(+ROUND((AN65*AO65),0)) -> 12557748 | AS65: 84 | AT65: 140899 | AU65: =(+ROUND((AS65*AT65),0)) -> 11835516 | AX65: 84 | AY65: 149497 | AZ65: =(+ROUND((AX65*AY65),0)) -> 12557748 | BC65: 84 | BD65: 149497 | BE65: =(+ROUND((BC65*BD65),0)) -> 12557748
B66: Subtotal | K66: =SUM(K63:L65) -> 22551298 | Q66: =SUM(Q63:Q65) -> 21154578 | V66: =SUM(V63:V65) -> 20589164 | AA66: =SUM(AA63:AA65) -> 21333550 | AF66: =SUM(AF63:AF65) -> 20747018 | AK66: =SUM(AK63:AK65) -> 21678656 | AP66: =SUM(AP63:AP65) -> 22551298 | AU66: =SUM(AU63:AU65) -> 21254836 | AZ66: =SUM(AZ63:AZ65) -> 22551298 | BE66: =SUM(BE63:BE65) -> 22551298
B68: SUB-TOTAL BÁSICO DE OBRA | K68: =K66 -> 22551298 | Q68: =Q66 -> 21154578 | V68: =V66 -> 20589164 | AA68: =AA66 -> 21333550 | AF68: =AF66 -> 20747018 | AK68: =AK66 -> 21678656 | AP68: =AP66 -> 22551298 | AU68: =AU66 -> 21254836 | AZ68: =AZ66 -> 22551298 | BE68: =BE66 -> 22551298
B69: OBRAS DE COMPENSACIÓN AMBIENTAL Y/O COMPLEMENTARIAS (PAGA) | K69: 2148701 | Q69: 2148701 | V69: 2148701 | AA69: 2148701 | AF69: 2148701 | AK69: 2148701 | AP69: 2148701 | AU69: 2148701 | AZ69: 2148701 | BE69: 2148701
B70: VALOR ACTIVIDADES MANTENIMIENTO PERIODICO | K70: =K68+K69 -> 24699999 | Q70: =Q68+Q69 -> 23303279 | V70: =V68+V69 -> 22737865 | AA70: =AA68+AA69 -> 23482251 | AF70: =AF68+AF69 -> 22895719 | AK70: =AK68+AK69 -> 23827357 | AP70: =AP68+AP69 -> 24699999 | AU70: =AU68+AU69 -> 23403537 | AZ70: =AZ68+AZ69 -> 24699999 | BE70: =BE68+BE69 -> 24699999
B72: IVA SOBRE UTILIDAD (U) - 19% | K72: =ROUND(19%*5%*((K53+K68)/1.3),0) -> 8285920 | Q72: =ROUND(19%*5%*((Q53+Q68)/1.3),0) -> 7804463 | V72: =ROUND(19%*5%*((V53+V68)/1.3),0) -> 7565008 | AA72: =ROUND(19%*5%*((AA53+AA68)/1.3),0) -> 7752267 | AF72: =ROUND(19%*5%*((AF53+AF68)/1.3),0) -> 7623730 | AK72: =ROUND(19%*5%*((AK53+AK68)/1.3),0) -> 7965410 | AP72: =ROUND(19%*5%*((AP53+AP68)/1.3),0) -> 7588917 | AU72: =ROUND(19%*5%*((AU53+AU68)/1.3),0) -> 7810025 | AZ72: =ROUND(19%*5%*((AZ53+AZ68)/1.3),0) -> 7839263 | BE72: =ROUND(19%*5%*((BE53+BE68)/1.3),0) -> 7947093
B73: VALOR TOTAL MEJORAMIENTO Y MANTENIMIENTO PERIODICO | K73: =K58+K70+K72 -> 1200000000 | Q73: =Q58+Q70+Q72 -> 1133634932 | R73: CUMPLE | V73: =V58+V70+V72 -> 1100628857 | W73: RECHAZADA | AA73: =AA58+AA70+AA72 -> 1126440106 | AB73: CUMPLE | AF73: =AF58+AF70+AF72 -> 1108722248 | AG73: CUMPLE | AK73: =AK58+AK70+AK72 -> 1155820205 | AL73: CUMPLE | AP73: =AP58+AP70+AP72 -> 1103924575 | AQ73: RECHAZADA | AU73: =AU58+AU70+AU72 -> 1134401560 | AV73: CUMPLE | AZ73: =AZ58+AZ70+AZ72 -> 1138431853 | BA73: CUMPLE | BE73: =BE58+BE70+BE72 -> 1153295355 | BF73: CUMPLE
H78: DESCRIPCION | K78: PORCENTAJE | O78: DESCRIPCION | Q78: PORCENTAJE | T78: DESCRIPCION | V78: PORCENTAJE | Y78: DESCRIPCION | AA78: PORCENTAJE | AD78: DESCRIPCION | AF78: PORCENTAJE | AI78: DESCRIPCION | AK78: PORCENTAJE | AN78: DESCRIPCION | AP78: PORCENTAJE | AS78: DESCRIPCION | AU78: PORCENTAJE | AX78: DESCRIPCION | AZ78: PORCENTAJE | BC78: DESCRIPCION | BE78: PORCENTAJE
C79: NOTA 1:El control de tráfico temporal (controladores de trafico) y la señalización provisional necesarios para la ejecución de las obras será por cuenta y riesgo del contratista. | H79: ADMINISTRACION | J79: A= | K79: 0.2 | O79: ADMINISTRACION | P79: A= | Q79: 0.2 | R79: CUMPLE | T79: ADMINISTRACION | U79: A= | V79: 0.2 | W79: CUMPLE | Y79: ADMINISTRACION | Z79: A= | AA79: 0.2 | AB79: CUMPLE | AD79: ADMINISTRACION | AE79: A= | AF79: 0.2 | AG79: CUMPLE | AI79: ADMINISTRACION | AJ79: A= | AK79: 0.2 | AL79: CUMPLE | AN79: ADMINISTRACION | AO79: A= | AP79: 0.2 | AQ79: CUMPLE | AS79: ADMINISTRACION | AT79: A= | AU79: 0.2 | AV79: CUMPLE | AX79: ADMINISTRACION | AY79: A= | AZ79: 0.2 | BA79: CUMPLE | BC79: ADMINISTRACION | BD79: A= | BE79: 0.2 | BF79: CUMPLE
C80: NOTA 2: Se debe tener en cuenta que el precio unitario incluye el valor de A.I.U. | H80: IMPREVISTO | J80: I= | K80: 0.05 | O80: IMPREVISTO | P80: I= | Q80: 0.05 | R80: CUMPLE | T80: IMPREVISTO | U80: I= | V80: 0.05 | W80: CUMPLE | Y80: IMPREVISTO | Z80: I= | AA80: 0.05 | AB80: CUMPLE | AD80: IMPREVISTO | AE80: I= | AF80: 0.05 | AG80: CUMPLE | AI80: IMPREVISTO | AJ80: I= | AK80: 0.05 | AL80: CUMPLE | AN80: IMPREVISTO | AO80: I= | AP80: 0.05 | AQ80: CUMPLE | AS80: IMPREVISTO | AT80: I= | AU80: 0.05 | AV80: CUMPLE | AX80: IMPREVISTO | AY80: I= | AZ80: 0.05 | BA80: CUMPLE | BC80: IMPREVISTO | BD80: I= | BE80: 0.05 | BF80: CUMPLE
C81: NOTA 3: . El archivo de presupuestos incluye el Análisis de Precios Unitarios (APU) de cada item dentro del mismo libro del presupuesto | H81: UTILIDAD | J81: U= | K81: 0.05 | O81: UTILIDAD | P81: U= | Q81: 0.05 | R81: CUMPLE | T81: UTILIDAD | U81: U= | V81: 0.05 | W81: CUMPLE | Y81: UTILIDAD | Z81: U= | AA81: 0.05 | AB81: CUMPLE | AD81: UTILIDAD | AE81: U= | AF81: 0.05 | AG81: CUMPLE | AI81: UTILIDAD | AJ81: U= | AK81: 0.05 | AL81: CUMPLE | AN81: UTILIDAD | AO81: U= | AP81: 0.05 | AQ81: CUMPLE | AS81: UTILIDAD | AT81: U= | AU81: 0.05 | AV81: CUMPLE | AX81: UTILIDAD | AY81: U= | AZ81: 0.05 | BA81: CUMPLE | BC81: UTILIDAD | BD81: U= | BE81: 0.05 | BF81: CUMPLE
C82: NOTA 4: El A.I.U y su discriminación esta dada en porcentaje (%). | H82: TOTAL A.I.U | J82: A.I.U.= | K82: =SUM(K79:K81) -> 0.3 | O82: TOTAL A.I.U | P82: A.I.U= | Q82: 0.3 | R82: CUMPLE | T82: TOTAL A.I.U | U82: A.I.U= | V82: 0.3 | W82: CUMPLE | Y82: TOTAL A.I.U | Z82: A.I.U= | AA82: 0.3 | AB82: CUMPLE | AD82: TOTAL A.I.U | AE82: A.I.U= | AF82: 0.3 | AG82: CUMPLE | AI82: TOTAL A.I.U | AJ82: A.I.U= | AK82: 0.3 | AL82: CUMPLE | AN82: TOTAL A.I.U | AO82: A.I.U= | AP82: 0.3 | AQ82: CUMPLE | AS82: TOTAL A.I.U | AT82: A.I.U= | AU82: 0.3 | AV82: CUMPLE | AX82: TOTAL A.I.U | AY82: A.I.U= | AZ82: 0.3 | BA82: CUMPLE | BC82: TOTAL A.I.U | BD82: A.I.U= | BE82: 0.3 | BF82: CUMPLE
C83: NOTA 5: Los valores de los Materiales de Obra y equipo se ajustan a los valores comerciales.
C84: NOTA 6: Se cuenta con el análisis de costos para la revisión y/o ajustes a estudios y diseños | T84: RECHAZADA : Modifico las Cantidades de los ítem. 200.2 - Desmonte y limpieza en zonas no boscosas y 220.1- Terraplenes - Rechazado - Causal de Rechazo N. Que el proponente adicione, suprima, cambie o modifique los ítems, la descripción, las especificaciones, el detalle, las unidades o cantidades señaladas en el Formulario 1 – Formulario de Presupuesto Oficial, de acuerdo con lo exigido por la entidad | AN84: RECHAZADA : Modifico las Cantidades de los ítem. 200.2 - Desmonte y limpieza en zonas no boscosas y 220.1- Terraplenes - Rechazado - Causal de Rechazo N. Que el proponente adicione, suprima, cambie o modifique los ítems, la descripción, las especificaciones, el detalle, las unidades o cantidades señaladas en el Formulario 1 – Formulario de Presupuesto Oficial, de acuerdo con lo exigido por la entidad
C85: NOTA 7: El presupuesto fue elaborado por el INVIAS
C86: NOTA 8: Los costos de bioseguridad se encuentran incluidos administrativos del contratista.
C87: NOTA 9: Cuando la fracción decimal del peso sea igual o superior a 5 se aproximara por exceso al número entero siguiente del peso y cuando la fracción decimal del peso sea inferior a 5 se aproximará por defecto al número entero del peso. En todo caso los valores ofertados (unitarios, parciales y totales deben venir sin decimales).

Sheet PUNTAJE OFERTA
B1: INSTITUTO NACIONAL DE VÍAS
B2: SA-MC-DT-BOL-004-2024
B3: DETERMINACIÓN DEL PUNTAJE POR VALOR DE LA PROPUESTA
B5: MODULO A EJECUTAR | C5: Determinación del Método para la Ponderación de la Propuesta Económica | J5: 45516
C6: TRM DEL SEGUNDO DIA HABIL DESPUES DEL CIERRE DEL PROCESO | I6: Valor = | J6: 4064.51
B7: 1 | I7: CENTESIMAS = | J7: 51
C8: MÉTODO DE PONDERACIÓN = | F8: MEDIA ARITMETICA BAJA
B10: Parámetros para la ponderación de la propuesta económica
I11: Número de propuestas válidas | J11: =COUNT(F28:F36) -> 5
I12: Mínimo | J12: =MIN(F28:F36) -> 1108722248
I13: Máximo | J13: =MAX(F28:F36) -> 1155820205
I14: Media Aritmética = X | J14: =AVERAGE(F28:F36) -> 1.1327632e+09
I15: Mediana= Me | J15: =MEDIAN(F28:F36) -> 1134401560
I16: Desviación estandar= | J16: =_xlfn.STDEV.P(F28:F36) -> 15390856
I17: Valor minimo aceptable | J17: =J15-J16 -> 1.1190107e+09
I18: Puntaje por Experiencia | J18: 59.5
B20: 1. Media Aritmética Baja
B21: Media artimética baja (XB) | J21: =(J12+J14)/2 -> 1.1207427e+09
C24: PROP. No. | D24: PROPONENTE | F24: VALOR OFERTA ECONOMICA CORREGIDA | G24: PUNTAJE OFERTA ECONOMICA
F26: ($) | AC26: MEDIANA | AG26: MEDIA GEOMETRICA
C28: 1 | D28: CONSORCIO MEGACONSTRUCCIONES 2024 | E28: DESCARTADO | F28: DESCARTADO | G28: DESCARTADO
C29: 2 | D29: YAMEL ARANGO PINILLA | E29: DESCARTADO | F29: DESCARTADO | G29: DESCARTADO
C30: 3 | D30: ARMANDO MARTÍNEZ SPADAFORA | F30: ='EVAL. ECONOMICAS '!AA73 -> 1126440106 | G30: =(1-(ABS(($J$21-F30)/$J$21)))*$J$18 -> 59.197527
C31: 4 | D31: CELASH SAS | F31: ='EVAL. ECONOMICAS '!AF73 -> 1108722248 | G31: =(1-(ABS(($J$21-F31)/$J$21)))*$J$18 -> 58.861836
C32: 5 | D32: GEPAV SAS | F32: ='EVAL. ECONOMICAS '!AK73 -> 1155820205 | G32: =(1-(ABS(($J$21-F32)/$J$21)))*$J$18 -> 57.637744
B33: * | C33: 6 | D33: JUAN CARLOS BRICEÑO CHAVES | E33: DESCARTADO | F33: DESCARTADO | G33: DESCARTADO
C34: 7 | D34: CONSORCIO INFRAESTRUCTURA 2024 | F34: ='EVAL. ECONOMICAS '!AU73 -> 1134401560 | G34: =(1-(ABS(($J$21-F34)/$J$21)))*$J$18 -> 58.774855
C35: 8 | D35: CONSORCIO PROGRESAR | F35: ='EVAL. ECONOMICAS '!AZ73 -> 1138431853 | G35: =(1-(ABS(($J$21-F35)/$J$21)))*$J$18 -> 58.560888
C36: 9 | D36: CONSORCIO VÍAS E INGENIERÍA | E36: DESCARTADO | F36: DESCARTADO | G36: DESCARTADO
B47: 0

Sheet ELEGIBILIDAD
N5: CUADRO No. 5
C7: PROPUESTA NUMERO | D7: PROPONENTE | E7: PUNTAJES OTORGADOS A LOS SIGUIENTES CRITERIOS: | J7: PUNTAJE DEFINITIVO | N7: ORDEN DE ELEGIBILIDAD
E8: Oferta economica | F8: Factor de Calidad | G8: Apoyo a la industria nacional | H8: Emprendimiento y empresas de mujeres | I8: Mipyme
M9: JERARQUIA | N9: Orden | O9: PROPONENTE | P9: Número Propuesta | Q9: PUNTAJE
C11: 1 | D11: =HAB.GEN.!C13 -> CONSORCIO MEGACONSTRUCCIONES 2024 | E11: ='PUNTAJE OFERTA'!G28 -> DESCARTADO | F11: 0 | G11: 0 | H11: 0 | I11: 0 | J11: =SUM(E11:I11) -> 0 | K11: 1 | M11: =RANK(J11,$J$11:$J$19,0) -> 6 | N11: 1 | O11: =IF(N11="","",OFFSET($D$10,MATCH(C11,$M$11:$M$216,0),0)) -> CELASH SAS | P11: =IF(O11="","",VLOOKUP(O11,$D$11:$K$212,8,FALSE)) -> 4 | Q11: =IF(O11="","",VLOOKUP(O11,$D$11:$J$212,7,FALSE)) -> 99.361836
C12: 2 | D12: =HAB.GEN.!C14 -> YAMEL ARANGO PINILLA | E12: ='PUNTAJE OFERTA'!G29 -> DESCARTADO | F12: 0 | G12: 0 | H12: 0 | I12: 0 | J12: =SUM(E12:I12) -> 0 | K12: 2 | M12: =RANK(J12,$J$11:$J$19,0) -> 6 | N12: =N11+1 -> 2 | O12: =IF(N12="","",OFFSET($D$10,MATCH(C12,$M$11:$M$216,0),0)) -> CONSORCIO INFRAESTRUCTURA 2024 | P12: =IF(O12="","",VLOOKUP(O12,$D$11:$K$212,8,FALSE)) -> 7 | Q12: =IF(O12="","",VLOOKUP(O12,$D$11:$J$212,7,FALSE)) -> 99.274855
C13: 3 | D13: =HAB.GEN.!C15 -> ARMANDO MARTÍNEZ SPADAFORA | E13: ='PUNTAJE OFERTA'!G30 -> 59.197527 | F13: 20 | G13: 20 | H13: 0 | I13: 0 | J13: =SUM(E13:I13) -> 99.197527 | K13: 3 | M13: =RANK(J13,$J$11:$J$19,0) -> 3 | N13: =N12+1 -> 3 | O13: =IF(N13="","",OFFSET($D$10,MATCH(C13,$M$11:$M$216,0),0)) -> ARMANDO MARTÍNEZ SPADAFORA | P13: =IF(O13="","",VLOOKUP(O13,$D$11:$K$212,8,FALSE)) -> 3 | Q13: =IF(O13="","",VLOOKUP(O13,$D$11:$J$212,7,FALSE)) -> 99.197527
C14: 4 | D14: =HAB.GEN.!C16 -> CELASH SAS | E14: ='PUNTAJE OFERTA'!G31 -> 58.861836 | F14: 20 | G14: 20 | H14: 0.25 | I14: 0.25 | J14: =SUM(E14:I14) -> 99.361836 | K14: 4 | M14: =RANK(J14,$J$11:$J$19,0) -> 1 | N14: =N13+1 -> 4 | O14: =IF(N14="","",OFFSET($D$10,MATCH(C14,$M$11:$M$216,0),0)) -> CONSORCIO PROGRESAR | P14: =IF(O14="","",VLOOKUP(O14,$D$11:$K$212,8,FALSE)) -> 8 | Q14: =IF(O14="","",VLOOKUP(O14,$D$11:$J$212,7,FALSE)) -> 98.810888
C15: 5 | D15: =HAB.GEN.!C17 -> GEPAV SAS | E15: ='PUNTAJE OFERTA'!G32 -> 57.637744 | F15: 20 | G15: 20 | H15: 0.25 | I15: 0.25 | J15: =SUM(E15:I15) -> 98.137744 | K15: 5 | M15: =RANK(J15,$J$11:$J$19,0) -> 5 | N15: =N14+1 -> 5 | O15: =IF(N15="","",OFFSET($D$10,MATCH(C15,$M$11:$M$216,0),0)) -> GEPAV SAS | P15: =IF(O15="","",VLOOKUP(O15,$D$11:$K$212,8,FALSE)) -> 5 | Q15: =IF(O15="","",VLOOKUP(O15,$D$11:$J$212,7,FALSE)) -> 98.137744
C16: 6 | D16: =HAB.GEN.!C18 -> JUAN CARLOS BRICEÑO CHAVES | E16: ='PUNTAJE OFERTA'!G33 -> DESCARTADO | F16: 0 | G16: 0 | H16: 0 | I16: 0 | J16: =SUM(E16:I16) -> 0 | K16: 6 | M16: =RANK(J16,$J$11:$J$19,0) -> 6 | N16: =N15+1 -> 6 | O16: =IF(N16="","",OFFSET($D$10,MATCH(C16,$M$11:$M$216,0),0)) -> CONSORCIO MEGACONSTRUCCIONES 2024 | P16: =IF(O16="","",VLOOKUP(O16,$D$11:$K$212,8,FALSE)) -> 1 | Q16: =IF(O16="","",VLOOKUP(O16,$D$11:$J$212,7,FALSE)) -> 0
C17: 7 | D17: =HAB.GEN.!C19 -> CONSORCIO INFRAESTRUCTURA 2024 | E17: ='PUNTAJE OFERTA'!G34 -> 58.774855 | F17: 20 | G17: 20 | H17: 0.25 | I17: 0.25 | J17: =SUM(E17:I17) -> 99.274855 | K17: 7 | M17: =RANK(J17,$J$11:$J$19,0) -> 2 | N17: =N16+1 -> 7 | O17: =D19 -> CONSORCIO VÍAS E INGENIERÍA | P17: =IF(O17="","",VLOOKUP(O17,$D$11:$K$212,8,FALSE)) -> 9 | Q17: =IF(O17="","",VLOOKUP(O17,$D$11:$J$212,7,FALSE)) -> 0
C18: 8 | D18: =HAB.GEN.!C20 -> CONSORCIO PROGRESAR | E18: ='PUNTAJE OFERTA'!G35 -> 58.560888 | F18: 20 | G18: 20 | H18: 0 | I18: 0.25 | J18: =SUM(E18:I18) -> 98.810888 | K18: 8 | M18: =RANK(J18,$J$11:$J$19,0) -> 4 | N18: =N17+1 -> 8 | O18: =D12 -> YAMEL ARANGO PINILLA | P18: =IF(O18="","",VLOOKUP(O18,$D$11:$K$212,8,FALSE)) -> 2 | Q18: =IF(O18="","",VLOOKUP(O18,$D$11:$J$212,7,FALSE)) -> 0
C19: 9 | D19: =HAB.GEN.!C21 -> CONSORCIO VÍAS E INGENIERÍA | E19: ='PUNTAJE OFERTA'!G36 -> DESCARTADO | F19: 0 | G19: 0 | H19: 0 | I19: 0 | J19: =SUM(E19:I19) -> 0 | K19: 9 | M19: =RANK(J19,$J$11:$J$19,0) -> 6 | N19: =N18+1 -> 9 | O19: =D16 -> JUAN CARLOS BRICEÑO CHAVES | P19: =IF(O19="","",VLOOKUP(O19,$D$11:$K$212,8,FALSE)) -> 6 | Q19: =IF(O19="","",VLOOKUP(O19,$D$11:$J$212,7,FALSE)) -> 0
